[Event "44th Chess Olympiad Women 2022"]
[Site "Chennai"]
[Date "2022.08.08"]
[Round "10.49"]
[White "Phiri Bertha"]
[Black "Cadeau, Merisena"]
[Result "0-1"]
[WhiteElo "1606"]
[BlackElo "1439"]
[Annotator "NA RC"]
[PlyCount "136"]
[EventDate "2022.??.??"]
[TimeControl "60"]

1. e4 c5 2. Nf3 Nc6 3. d3 d6 4. g3 Nf6 5. Bg2 e6 6. c3 Bd7 7. O-O Qc7 8. b3 g6 9. Bb2 Bg7 10. Nbd2 O-O 11. d4 cxd4 12. cxd4 Rfd8 13. Rc1 Rac8 14. Qe2 a6 15. Rfe1 Be8 16. Bh3 d5 17. e5 Nd7 18. Ng5 Nf8 19. f4 b5 20. Ngf3 Qb6 21. a3 Na5 22. Qd3 Rc6 23.
Rxc6 Bxc6 24. Rc1 Rc8 25. Bf1 Rc7 26. Kg2 Nd7 27. Be2 Bb7 28.
Rxc7 Qxc7 29. Qc3 Nc6 30. Ne1 Bf8 31. Nd3 Qb6 32. b4 a5 33.
Nc5 Nxc5 34. bxc5 b4 35. Qb3 Qa7 36. axb4 axb4 37. Bb5 Qa5 38. Qa4 Qxa4 39. Bxa4 Be7 40. Bxc6 Bxc6 41. Kf3 Bb5 42. Nb3 Bd8 43. Ke3 Ba4 44. Nc1 Kf8 45. Nd3 Ba5 46. Nc1 Ke8 47. g4 Kd7 48. Ne2 Kc6 49. Ng3 Kb5 50. Kd3 Bd1 51. h3 Bb3 52. f5 Bc4+ 53.
Ke3 b3 54. fxe6 fxe6 55. Ne2 Ka4 56. Nf4 Bb4 57. c6 Ba3 58.
c7 Ba6 59. Nxe6 Bxb2 60. Nc5+ Kb5 61. Nxa6 Bc1+ 62. Kd3 b2 63. c8=Q b1=Q+ 64. Ke2 Qe4+ 65. Kf1 Qf3+ 66. Kg1 Be3+ 67. Kh2 Qf2+ 68. Kh1 Qg1# 0-1

[Event "44th Chess Olympiad Women 2022"]
[Site "Chennai"]
[Date "2022.08.08"]
[Round "10.50"]
[White "Bagga, Khushi"]
[Black "Stagno, Milena"]
[Result "0-1"]
[WhiteElo "1328"]
[BlackElo "1448"]
[Annotator "NA RC"]
[PlyCount "86"]
[EventDate "2022.??.??"]
[TimeControl "60"]

1. e4 c5 2. d4 cxd4 3. c3 Nc6 4. cxd4 d5 5. e5 g6 6. Nf3 Bg7 7. Be2 Bg4 8. Be3 Nh6 9. h3 Bxf3 10. Bxf3 Qb6 11. Bxd5 Qb4+ 12. Qd2 Nxd4 13. Bxd4 Qxd2+ 14. Nxd2 Rd8 15. Bxf7+ Nxf7 16.
Bxa7 Nxe5 17. Bb6 Rxd2 18. Kxd2 Nc4+ 19. Ke2 Nxb6 20. Rab1 Kf7 21. b3 Nd5 22. Rbc1 Nc3+ 23. Kf3 Nxa2 24. Rc7 Rb8 25. Re1 Bf6 26. g3 b5 27. Kg2 Ra8 28. Re3 Rb8 29. g4 Nb4 30. Re2 Nd5 31.
Rcc2 Nf4+ 32. Kg3 Nxe2+ 33. Rxe2 Rc8 34. Re3 Rc3 35. Kf3 Rxe3+ 36. Kxe3 Ke6 37. Ke4 Kd6 38. Kd3 Kc5 39. f3 Kb4 40. Kc2 Ka3 41. f4 e5 42. g5 Bg7 43. fxe5 Bxe5 0-1

[Event "44th Chess Olympiad Women 2022"]
[Site "Chennai"]
[Date "2022.08.08"]
[Round "10.50"]
[White "Psaila, Uranchimeg"]
[Black "Ray, Hiya"]
[Result "0-1"]
[WhiteElo "1395"]
[BlackElo "1586"]
[Annotator "NA RC"]
[PlyCount "112"]
[EventDate "2022.??.??"]
[TimeControl "60"]

1. d4 d5 2. Bf4 e6 3. e3 c5 4. c3 Nf6 5. Nd2 Bd6 6. Bg3 O-O 7. Ngf3 b6 8.
Bd3 Bb7 9. O-O Bxg3 10. hxg3 Ne4 11. Qb1 f5 12. Qe1 Nd7 13. Bb5 Nd6 14. Bxd7 Qxd7 15. Ne5 Qe7 16. Qd1 Rf6 17. Qa4 b5 18. Qd1 c4 19. a4 a6 20. axb5 Nxb5 21. Nb1 Qe8 22. Na3 Nd6 23. f3 g5 24. Kf2 g4 25. Rh1 Ra7 26. Nc2 Qb5 27. Qc1 Ba8 28.
Rb1 Rg7 29. Na3 Qb8 30. Qc2 Rb7 31. Rhd1 Rb3 32. Nd7 Qd8 33. Nxf6+ Qxf6 34. Rh1 Bc6 35. Rh2 Ba4 36. Qd2 Rb7 37. Rbh1 Rg7 38. Rh6 Qe7 39. Nc2 Nf7 40. R6h4 Qc7 41. f4 Nd6 42. Qc1 Ne4+ 43. Ke1 Nxg3 44. R1h2 Ne4 45. Rh6 g3 46. R2h5 Qb6 47. Rxf5 Nf2 48. Rxd5 Nd3+ 49. Kd2 Nxc1 50. Kxc1 Bxc2 51. Rc5 Rb7 52. b4 cxb3 53. Kb2 a5 54. Rg5+ Bg6 55. Rc5 a4 56. Rh1 a3+ 0-1

[Event "44th Chess Olympiad Women 2022"]
[Site "Chennai"]
[Date "2022.08.08"]
[Round "10.50"]
[White "Smith, Olivia"]
[Black "Farrugia, Jamie"]
[Result "1-0"]
[WhiteElo "2038"]
[BlackElo "1547"]
[Annotator "NA RC"]
[PlyCount "107"]
[EventDate "2022.??.??"]
[TimeControl "60"]

1. e4 e5 2. Nc3 Bc5 3. Nf3 Nc6 4. Nxe5 Bxf2+ 5. Kxf2 Nxe5 6. d4 Ng6 7. Qf3 d6 8. Bd3 Nf6 9. h3 h5 10. Bg5 Ng4+ 11.
Qxg4 hxg4 12. Bxd8 Kxd8 13. hxg4 Bxg4 14. Rxh8+ Nxh8 15. Rh1 Kd7 16. Kg3 Be6 17. d5 Ng6 18. dxe6+ Kxe6 19. Nd5 Kd7 20. Rh7 Rg8 21. Nf4 Nf8 22. Rh1 c6 23. Bc4 Ke7 24. Rf1 Rh8 25. a4 Nd7 26. Ne2 Ne5 27. Bd3 Rh5 28. Rf5 Rh1 29. Nd4 c5 30. Nf3 g6 31. Rf4 Nc6 32. Nd2 Rd1 33. Nc4 Nb4 34. Ne3 Rb1 35. Bc4 f6 36.
b3 g5 37. Rf2 Rc1 38. Nd5+ Nxd5 39. exd5 Re1 40. Re2+ Rxe2 41.
Bxe2 f5 42. Kf3 Kf6 43. g4 f4 44. Ke4 a6 45. a5 Kg6 46. c3 Kf6 47. b4 cxb4 48. cxb4 Kg6 49. Bxa6 bxa6 50. b5 axb5 51. a6 b4 52. a7 b3 53. a8=Q b2 54. Qb7 1-0

[Event "44th Chess Olympiad Women 2022"]
[Site "Chennai"]
[Date "2022.08.08"]
[Round "10.51"]
[White "Castillo Beitia, Ashley Alexandra"]
[Black "Eman Sawan"]
[Result "1-0"]
[WhiteElo "1587"]
[BlackElo "1847"]
[Annotator "NA RC"]
[PlyCount "79"]
[EventDate "2022.??.??"]
[TimeControl "60"]

1. d4 Nf6 2. c4 g6 3. Nc3 Bg7 4. e4 d6 5. f3 O-O 6. Be3 e5 7. d5 Nbd7 8. Qd2 a5 9. g4 h5 10. h3 Nc5 11. Bg5 Qe8 12. Nge2 Nh7 13. Bh4 f5 14. gxf5 gxf5 15. Rg1 Kh8 16. O-O-O a4 17. Kb1 a3 18. b4 Na4 19. Nb5 Qf7 20. Nxa3 Nb6 21. Qc3 fxe4 22. fxe4 Qf3 23. Nc2 Qxe4 24. Qg3 Rg8 25. Nc3 Qf4 26. Nb5 Bf5 27. Qxf4 exf4 28. Bd3 Bxd3 29. Rxd3 Nxc4 30. Nxc7 Rac8 31. Ne6 Ne5 32. Rdd1 Nf3 33. Rxg7 Rxg7 34. Nxg7 Kxg7 35. Be7 Nhg5 36. Bxd6 Ne4 37. Rd3 Nfd2+ 38. Kc1 f3 39. Bc5 Nxc5 40. bxc5 1-0

[Event "44th Chess Olympiad Women 2022"]
[Site "Chennai"]
[Date "2022.08.08"]
[Round "10.51"]
[White "Heba, Assi"]
[Black "Vasquez Jaen, Lourdes Lorena"]
[Result "1-0"]
[WhiteElo "1449"]
[BlackElo "1653"]
[Annotator "NA RC"]
[PlyCount "65"]
[EventDate "2022.??.??"]
[TimeControl "60"]

1. d4 Nf6 2. Nf3 g6 3. e3 Bg7 4. b3 O-O 5. Bb2 d6 6. Be2 Nbd7 7. O-O Re8 8. Nbd2 e5 9. dxe5 dxe5 10. c4 c6 11. Qc2 Qe7 12. Rac1 b6 13.
Rfd1 e4 14. Nd4 Bb7 15. Nb1 a6 16. Qd2 Rad8 17. b4 c5 18.
bxc5 bxc5 19. Ba3 Ne5 20. Qa5 Nd3 21. Bxd3 exd3 22. Bxc5 Qe4 23. Nf3 Qg4 24. Nbd2 Ne4 25. h3 Qf5 26. Bb4 Be5 27. Nxe4 Qxe4 28. Bc3 Bb8 29. Qg5 f5 30. Qf6 Be5 31. Bxe5 Rxe5 32. Qxd8+ Kf7 33. Ng5+ 1-0

[Event "44th Chess Olympiad Women 2022"]
[Site "Chennai"]
[Date "2022.08.08"]
[Round "10.51"]
[White "Taqwa, Hamouri"]
[Black "Munoz Henriquez, Alba Esther"]
[Result "1-0"]
[WhiteElo "1214"]
[BlackElo "1588"]
[Annotator "NA RC"]
[PlyCount "55"]
[EventDate "2022.??.??"]
[TimeControl "60"]

1. e4 c6 2. Nf3 d5 3. Nc3 dxe4 4. Nxe4 Bg4 5. h3 Bh5 6. Ng3 Bg6 7. h4 h6 8. Ne5 Qd6 9. d4 Nd7 10. Nxg6 Qxg6 11. Bd3 Qd6 12. c3 Ngf6 13. Qf3 e6 14. Bf4 Qd5 15. Ne4 Be7 16. Qe2 O-O-O 17. f3 e5 18. Bc4 Qa5 19. b4 Qc7 20. Bh2 Rhf8 21. O-O Nxe4 22. fxe4 Bxh4 23. Bxf7 Qd6 24. dxe5 Nxe5 25. Bxe5 Qxe5 26.
Qg4+ Kc7 27. Qxh4 Qxc3 28. Qe7+ 1-0

[Event "44th Chess Olympiad Women 2022"]
[Site "Chennai"]
[Date "2022.08.08"]
[Round "10.52"]
[White "Maradiaga, Cesia"]
[Black "Mitsuyama, Rikka"]
[Result "0-1"]
[WhiteElo "1533"]
[BlackElo "1157"]
[Annotator "NA RC"]
[PlyCount "108"]
[EventDate "2022.??.??"]
[TimeControl "60"]

1. b3 d5 2. e3 c5 3. Bb2 Nc6 4. Bb5 Nf6 5. Nf3 a6 6. Bxc6+ bxc6 7. h3 Bf5 8. Nh4 Bc8 9. O-O e6 10. Nf3 Bd6 11. d3 O-O 12. Nbd2 Re8 13.
c4 e5 14. d4 cxd4 15. exd4 e4 16. Ne5 Qc7 17. c5 Bxe5 18. dxe5 Nd7 19. f3 e3 20. Nb1 Nxe5 21. Re1 Ng6 22. Qd4 f6 23. Rxe3 Bf5 24. Nd2 Qg3 25.
Nf1 Qg5 26. f4 Nxf4 27. Rg3 Ne2+ 28. Kh2 Nxg3 29. Nxg3 Bd7 30. Bc1 Qe5 31. Qxe5 fxe5 32. Bb2 g6 33. Re1 e4 34. h4 Bg4 35. Nf1 Rf8 36. Ne3 Be6 37. Nc2 Rf2 38. Nd4 Bd7 39. Ne2 Bg4 40.
Nd4 Rxb2 41. Nxc6 Re8 42. Nb4 Bf3 43. Nxd5 Re5 44. Nf6+ Kg7 45. Nd7 Rd5 46. c6 Rdd2 47. Rg1 Rxg2+ 48. Rxg2 Rxg2+ 49. Kh3 Rxa2 50. b4 Rc2 51. Nc5 Rxc5 52. bxc5 e3 53. c7 Bb7 54. Kg3 Kf6 0-1

[Event "44th Chess Olympiad Women 2022"]
[Site "Chennai"]
[Date "2022.08.08"]
[Round "10.52"]
[White "Misawa, Yuki"]
[Black "Garcia, Andrea Nicole"]
[Result "1/2-1/2"]
[WhiteElo "1587"]
[BlackElo "1631"]
[Annotator "NA RC"]
[PlyCount "61"]
[EventDate "2022.??.??"]
[TimeControl "60"]

1. d4 d5 2. c4 e6 3. Nc3 Nf6 4. Nf3 Nbd7 5. Bg5 Be7 6. e3 c6 7. Bd3 dxc4 8. Bxc4 b5 9. Bd3 a6 10. O-O Bb7 11. Rc1 O-O 12. Ne4 Nxe4 13.
Bxe7 Qxe7 14. Bxe4 Rac8 15. Nd2 f5 16. Bf3 e5 17. dxe5 Nxe5 18.
Nb3 Nxf3+ 19. Qxf3 c5 20. Qf4 Rf6 21. Rfd1 c4 22. Na5 Rff8 23. Nxb7 Qxb7 24. Rd4 Qf7 25. Rcd1 c3 26. bxc3 Rxc3 27. Qe5 Qf6 28. Qd5+ Qf7 29. Qe5 Qf6 30. Qd5+ Qf7 31. Qe5 1/2-1/2

[Event "44th Chess Olympiad Women 2022"]
[Site "Chennai"]
[Date "2022.08.08"]
[Round "10.52"]
[White "Sakai, Azumi"]
[Black "Godoy Yolanda"]
[Result "1-0"]
[WhiteElo "1759"]
[BlackElo "1219"]
[Annotator "NA RC"]
[PlyCount "93"]
[EventDate "2022.??.??"]
[TimeControl "60"]

1. d4 d5 2. c4 e6 3. Nc3 c6 4. e4 Bb4 5. e5 Ne7 6. Nf3 b6 7. Qb3 Bxc3+ 8.
bxc3 Ba6 9. Be2 O-O 10. O-O Nf5 11. Ba3 Re8 12. Rfe1 dxc4 13. Bxc4 Bxc4 14. Qxc4 Qd5 15. Qe2 h6 16. Bb4 b5 17. Rac1 Qc4 18.
Qxc4 bxc4 19. Nd2 Na6 20. Ba3 Rac8 21. Nxc4 Nc7 22. Re2 Nb5 23. Bc5 Rc7 24. a4 a6 25. axb5 cxb5 26. Nd6 Ra8 27. Ra2 b4 28. Nxf5 exf5 29. cxb4 g5 30. Rca1 a5 31. Rxa5 Rxa5 32. bxa5 h5 33. a6 Rc8 34. a7 Ra8 35. Rb1 Kg7 36. Rb8 Rxa7 37. Bxa7 Kg6 38. d5 f4 39. d6 g4 40. d7 h4 41. d8=Q Kf5 42. Qf6+ Ke4 43.
Rb4+ Kd3 44. Qxf4 g3 45. Qc4+ Kd2 46. Rb2+ Ke1 47. Qc1# 1-0

[Event "44th Chess Olympiad Women 2022"]
[Site "Chennai"]
[Date "2022.08.08"]
[Round "10.52"]
[White "Viana, Valeria"]
[Black "Kojima, Natsumi"]
[Result "0-1"]
[WhiteElo "1441"]
[BlackElo "1782"]
[Annotator "NA RC"]
[PlyCount "48"]
[EventDate "2022.??.??"]
[TimeControl "60"]

1. e4 e6 2. d4 d5 3. exd5 exd5 4. Bd3 Nc6 5. c3 Bd6 6. Nf3 Nge7 7. Qc2 Bg4 8. Qe2 Qd7 9. Bg5 f6 10. Bh4 O-O-O 11. O-O Rde8 12. Qd1 g5 13. Bg3 h5 14. Bxd6 Qxd6 15. Nbd2 h4 16. h3 Bd7 17. b4 g4 18. hxg4 Bxg4 19. Qa4 Reg8 20. Kh1 Qf4 21. Qd1 Nf5 22. Rg1 Ng3+ 23. Kh2 Ne4+ 24. Kh1 Nxf2# 0-1

[Event "44th Chess Olympiad Women 2022"]
[Site "Chennai"]
[Date "2022.08.08"]
[Round "10.53"]
[White "Bantiwalu, Aster Melake"]
[Black "Nansubuga, Gloria"]
[Result "1-0"]
[WhiteElo "1425"]
[BlackElo "1538"]
[Annotator "NA RC"]
[PlyCount "131"]
[EventDate "2022.??.??"]
[TimeControl "60"]

1. e4 d5 2. exd5 Qxd5 3. Nc3 Qd8 4. Bc4 e6 5. Nf3 Nf6 6. d3 Nc6 7. a3 Bd6 8. Bg5 h6 9. Bh4 O-O 10. O-O Be7 11. Bg3 a6 12. h3 b5 13. Ba2 Bb7 14. Re1 Nh5 15. Bh2 Bd6 16. Bxd6 Qxd6 17. Ne4 Qe7 18. c3 Nf6 19. Ng3 Nh7 20. Ne4 Rad8 21. Qc2 Ng5 22. Nexg5 hxg5 23. Qd2 Qf6 24. Nxg5 Ne5 25. d4 Ng6 26. Ne4 Qf5 27. Qe3 Nh4 28. f3 Qg6 29. Qf2 Nf5 30.
Nc5 Bc8 31. Re4 Nh6 32. Kh1 Qf6 33. Rae1 Rd6 34. R4e3 Nf5 35. Ne4 Qh6 36. Nxd6 cxd6 37. Re4 Bb7 38. Rg4 Qf6 39. Rf4 g5 40. Rfe4 Kg7 41. R4e2 Rh8 42. Bb1 Nh4 43. Be4 d5 44. Bc2 Qf4 45. g3 Qxf3+ 46. Qxf3 Nxf3 47. Rf1 g4 48. h4 e5 49. dxe5 Rh5 50. e6 fxe6 51. Rxe6 Re5 52. Rxe5 Nxe5 53. Rd1 d4+ 54. Kg1 dxc3 55. bxc3 Bf3 56. Rd6 a5 57. Rb6 Bc6 58. Kf2 Kf7 59. Bb3+ Ke7 60. Ke3 a4 61. Bg8 Bd7 62. Kf4 Nd3+ 63. Kg5 Ne5 64. h5 Nf3+ 65. Kg6 Ne5+ 66. Kg7 1-0

[Event "44th Chess Olympiad Women 2022"]
[Site "Chennai"]
[Date "2022.08.08"]
[Round "10.53"]
[White "Kawuma Patricia"]
[Black "Abera, Mekdes Demssie"]
[Result "1-0"]
[WhiteElo "1653"]
[BlackElo "1342"]
[Annotator "NA RC"]
[PlyCount "103"]
[EventDate "2022.??.??"]
[TimeControl "60"]

1. e4 c5 2. Nf3 Nc6 3. d4 cxd4 4. Nxd4 Nf6 5. Nc3 e6 6. Bg5 Be7 7. Be2 Nxe4 8. Bxe7 Nxc3 9. Bxd8 Nxd1 10. Nxc6 bxc6 11. Rxd1 Kxd8 12. O-O d5 13. c4 Rb8 14. cxd5 cxd5 15. b3 Ke7 16. Rc1 Rd8 17. Rc5 Bb7 18. Ra5 Ra8 19. Rc1 Rdc8 20. Rxc8 Bxc8 21. Ba6 Bxa6 22. Rxa6 Kd7 23. Kf1 h5 24. Ke2 g5 25. Kd3 f6 26. b4 Rc8 27. Rxa7+ Rc7 28. Ra3 Kc6 29. Ra6+ Kd7 30. b5 Rc4 31. a4 f5 32. a5 Rb4 33. Rb6 Ra4 34. a6 e5 35. Rb7+ Kc8 36. Rf7 e4+ 37. Kc2 Kb8 38. Rxf5 d4 39. Rxg5 Ra2+ 40. Kb3 Rxf2 41. Rg8+ Ka7 42. Rg7+ Kb6 43. Rb7+ Kc5 44. a7 e3 45. a8=Q e2 46. Qc8+ Kd5 47. Rd7+ Ke4 48. Qe8+ Kd3 49. Qg6+ Ke3 50. Re7+ Kd2 51. Qc2+ Ke1 52. Qc1# 1-0

[Event "44th Chess Olympiad Women 2022"]
[Site "Chennai"]
[Date "2022.08.08"]
[Round "10.53"]
[White "Mekonen, Selemawit Kidanemar"]
[Black "Takali Milly"]
[Result "0-1"]
[WhiteElo "1263"]
[BlackElo "1482"]
[Annotator "NA RC"]
[PlyCount "138"]
[EventDate "2022.??.??"]
[TimeControl "60"]

1. e4 c6 2. d4 d5 3. Nc3 dxe4 4. Nxe4 Nf6 5. Nxf6+ exf6 6. Nf3 Bd6 7. Bc4 O-O 8. O-O b5 9. Bb3 a5 10. a4 b4 11. Re1 Nd7 12. c4 Re8 13.
Rxe8+ Qxe8 14. c5 Bc7 15. Bc4 Nf8 16. b3 Be6 17. Qd3 Qd7 18.
Bd2 Rd8 19. Re1 Bf5 20. Qe3 Ng6 21. Bd3 Be6 22. h3 Bf4 23.
Qe2 Bxd2 24. Qxd2 Bxb3 25. Bxg6 hxg6 26. Re3 Bd5 27. Ne1 Re8 28. Rxe8+ Qxe8 29. Nd3 g5 30. Qe3 Kf8 31. Qxe8+ Kxe8 32. Kh2 Ke7 33. Kg3 Bb3 34. Nb2 Ke6 35. Kf3 Kd5 36. Ke3 f5 37. Kd3 Ba2 38. g3 Bb1+ 39. Ke3 Bc2 40. f4 gxf4+ 41. gxf4 f6 42. h4 g6 43. Kd2 b3 44. Kc3 Ke4 45. Nc4 Kxf4 46. Nxa5 Ke3 47. Nxc6 f4 48. Na5 f3 49. Nc4+ Ke2 50. Nd2 f2 51. c6 Be4 52. c7 Bb7 53.
d5 b2 54. d6 Bc8 55. Kc2 Bf5+ 56. Ne4 b1=Q+ 57. Kxb1 Bxe4+ 58. Kb2 Bf5 59. Kc3 f1=Q 60. Kb4 Qf4+ 61. Kc5 Qxa4 62. Kb6 Qb4+ 63. Kc6 Qe4+ 64. Kb6 Bc8 65. Kc5 Qe5+ 66. Kc6 Qe4+ 67. Kc5 f5 68. Kb6 f4 69. Ka7 Qb7# 0-1

[Event "44th Chess Olympiad Women 2022"]
[Site "Chennai"]
[Date "2022.08.08"]
[Round "10.53"]
[White "Nakabo, Peninah"]
[Black "Haile, Lidet Abate"]
[Result "1/2-1/2"]
[WhiteElo "1747"]
[BlackElo "1624"]
[Annotator "NA RC"]
[PlyCount "203"]
[EventDate "2022.??.??"]
[TimeControl "60"]

1. e4 e5 2. Nf3 Nc6 3. d4 exd4 4. Nxd4 d6 5. Nc3 Nf6 6. Be3 Be7 7. f3 a6 8. Qd2 Nxd4 9. Bxd4 Be6 10. g4 h6 11. O-O-O Qd7 12. h3 O-O-O 13.
f4 Qe8 14. f5 Bd7 15. Kb1 Bc6 16. Bd3 Rg8 17. Rhe1 Nd7 18. Nd5 Bxd5 19. exd5 Qf8 20. Qa5 Bf6 21. Bf2 Ne5 22. Bf1 Re8 23. Re3 Kd7 24. Qa4+ c6 25. dxc6+ Nxc6 26. Red3 Be5 27. Bg2 Rc8 28. Rxd6+ Bxd6 29. Bg3 Kc7 30. Bxd6+ Qxd6 31. Rxd6 Kxd6 32. Qf4+ Kc5 33. a3 f6 34. Qe3+ Kd6 35. Qe6+ Kc7 36. c4 Kb6 37. Qe3+ Kc7 38. c5 Kb8 39. Bxc6 Rxc6 40. b4 Rd8 41. Kb2 Rc7 42. Kc3 b6 43. Kc4 bxc5 44. bxc5 Rdc8 45. a4 Rc6 46. a5 R8c7 47. Kd5 Kb7 48. h4 Rd7+ 49. Kc4 Rdc7 50. Qb3+ Kc8 51. Qb4 Rb7 52. Qe1 Rbc7 53. Qe8+ Kb7 54. Qe3 Kc8 55. Kd5 Kb7 56. Kc4 Kc8 57. Qa3 Kb7 58. Qb4+ Kc8 59. Kd5 Kd8 60. Qb8+ Ke7 61. Kd4 Rxc5 62. Qb4 Kd6 63. Qb6+ R5c6 64. Qb3 Kd7 65. Qg8 Rd6+ 66. Ke4 Kc6 67. Qc4+ Kd7 68. Qf7+ Kc8 69. Qf8+ Rd8 70. Qb4 Rc6 71. Kf4 Rcd6 72. Qc5+ Kb7 73. Qb4+ Ka7 74. Qc5+ Ka8 75. Qc7 R8d7 76. Qc8+ Ka7 77. Qc5+ Kb8 78. g5 hxg5+ 79. hxg5 fxg5+ 80. Kxg5 Rf6 81. Qe5+ Kc8 82. Qc5+ Kd8 83. Qe5 Re7 84. Qb8+ Kd7 85. Qa8 Ref7 86. Qb7+ Kd8 87. Qb8+ Kd7 88. Qb7+ Kd6 89. Qxa6+ Kc5 90. Qd3 Kb4 91. a6 Ka5 92. Qa3+ Kb6 93. a7 Rxa7 94. Qe3+ Kb7 95. Qe7+ Kb6 96. Qe3+ Ka6 97. Qa3+ Kb7 98. Qe7+ Ka8 99. Qd8+ Kb7 100. Qd7+ Kb6 101. Qd4+ Ka6 102. Qa4+ 1/2-1/2

[Event "44th Chess Olympiad Women 2022"]
[Site "Chennai"]
[Date "2022.08.08"]
[Round "10.54"]
[White "Curwin, Nickaylah"]
[Black "Bouzana, Christina"]
[Result "1/2-1/2"]
[WhiteElo "1499"]
[BlackElo "1079"]
[Annotator "NA RC"]
[PlyCount "86"]
[EventDate "2022.??.??"]
[TimeControl "60"]

1. d4 Nf6 2. Bf4 d5 3. Nf3 c5 4. e3 Nc6 5. Nbd2 Nh5 6. Bg3 Nxg3 7. hxg3 Bf5 8. c3 Bg4 9. Bd3 h6 10. Qa4 Bd7 11. Qc2 e6 12. O-O Be7 13. Rfe1 O-O 14. Qd1 Qc7 15. Rc1 c4 16. Bb1 b5 17. e4 Rfe8 18. exd5 exd5 19. Ne5 Nxe5 20. Rxe5 Qc6 21. Qc2 g6 22. Rce1 Bf6 23. R5e2 Bf5 24. Qc1 Bxb1 25. Nxb1 Rxe2 26. Rxe2 Re8 27. Qe1 Re6 28. Nd2 Rxe2 29. Qxe2 Qe6 30. Qd1 a5 31. Nf1 Qd7 32. Qf3 Bg5 33. Qd1 Qe8 34. f4 Bd8 35. Kf2 b4 36. Ne3 bxc3 37. bxc3 Qb5 38. a4 Qb2+ 39. Qc2 Qb3 40. Kf3 Kg7 41. Ke2 Qb7 42. Kf2 Qb3 43.
Ke2 Qb7 1/2-1/2

[Event "44th Chess Olympiad Women 2022"]
[Site "Chennai"]
[Date "2022.08.08"]
[Round "10.54"]
[White "Ioannides Liu, Alice"]
[Black "Clarke, Adani"]
[Result "0-1"]
[WhiteElo "1292"]
[BlackElo "1812"]
[Annotator "NA RC"]
[PlyCount "106"]
[EventDate "2022.??.??"]
[TimeControl "60"]

1. e4 e6 2. d3 d5 3. Nd2 c5 4. Ngf3 Nc6 5. g3 Nf6 6. Bg2 Be7 7. O-O b5 8. Re1 a5 9. e5 Nd7 10. c3 b4 11. d4 Qb6 12. Nf1 bxc3 13.
bxc3 cxd4 14. cxd4 Bb4 15. Rb1 Qa7 16. Re3 Nb6 17. a3 Be7 18.
Rc3 Bd7 19. Bg5 Bxg5 20. Nxg5 h6 21. Qh5 O-O 22. Nf3 Nc4 23.
Rd1 f6 24. Ne3 Nxe3 25. Rxe3 f5 26. g4 Be8 27. Qh3 fxg4 28.
Qxg4 Qf7 29. Bh3 Bd7 30. Qg2 Qf4 31. Qg3 Rab8 32. Qg6 Kh8 33.
Bxe6 Ne7 34. Qg2 Bxe6 35. h3 Bf5 36. Ne1 Be4 37. Qg3 Qxg3+ 38. Rxg3 Nf5 39. Rc3 Rfc8 40. Rxc8+ Rxc8 41. Rd2 Rc1 42. Kf1 Nh4 43. Ke2 Rxe1+ 44. Kxe1 Nf3+ 45. Ke2 Nxd2 46. Kxd2 Kh7 47. Ke3 Kg6 48. Kf4 Bf5 49. Kg3 Kg5 50. f3 Be6 51. h4+ Kh5 52. f4 Bf5 53.
Kf3 Kxh4 0-1

[Event "44th Chess Olympiad Women 2022"]
[Site "Chennai"]
[Date "2022.08.08"]
[Round "10.54"]
[White "Miller, Rachel"]
[Black "Markidou, Christianna"]
[Result "1-0"]
[WhiteElo "1961"]
[BlackElo "1701"]
[Annotator "NA RC"]
[PlyCount "51"]
[EventDate "2022.??.??"]
[TimeControl "60"]

1. e4 e5 2. Nf3 Nc6 3. Bc4 Be7 4. O-O d6 5. c3 Nf6 6. Re1 O-O 7. d3 Na5 8. Bb5 a6 9. Ba4 b5 10. Bc2 c5 11. Nbd2 Nc6 12. Nf1 Bg4 13.
h3 Be6 14. Ng3 Qc7 15. Qe2 b4 16. c4 Nd7 17. Ba4 Nb6 18. Bxc6 Qxc6 19. Nf5 Bxf5 20. exf5 f6 21. Nh4 Rf7 22. Qh5 d5 23. Ng6 dxc4 24. Re4 Nd7 25. Qxh7+ Kxh7 26. Rh4+ 1-0

[Event "44th Chess Olympiad Women 2022"]
[Site "Chennai"]
[Date "2022.08.08"]
[Round "10.54"]
[White "Sokolova, Victoria"]
[Black "Watson, Gabriella"]
[Result "1/2-1/2"]
[WhiteElo "1193"]
[BlackElo "1164"]
[Annotator "NA RC"]
[PlyCount "111"]
[EventDate "2022.??.??"]
[TimeControl "60"]

1. e4 c6 2. Nf3 d5 3. Nc3 dxe4 4. Nxe4 Bf5 5. Ng3 Bg6 6. h4 h6 7. Ne5 Qd6 8. Nxg6 Qxg6 9. d4 Nd7 10. Be3 Qd6 11. Qd2 e6 12. O-O-O Ngf6 13. Bf4 Qb4 14. c3 Qa5 15. Kb1 Be7 16. f3 b5 17. Ne4 Nxe4 18.
fxe4 Nf6 19. Bd3 Qb6 20. Rhg1 b4 21. g4 g6 22. g5 hxg5 23.
Bxg5 a5 24. Rgf1 Nh7 25. Bxe7 Kxe7 26. cxb4 Qxb4 27. Qxb4+ axb4 28. e5 Nf8 29. Rf4 Nd7 30. b3 Nb6 31. Be4 Nd5 32. Bxd5 cxd5 33. Rc1 Rac8 34. Rxc8 Rxc8 35. Rf3 Rh8 36. Rf4 Rh5 37. Kc2 Rh8 38. Kb2 Rc8 39. a3 bxa3+ 40. Kxa3 Rc3 41. Ka4 Re3 42. b4 Re4 43. Rxe4 dxe4 44. Kb3 Kd7 45. b5 Kc7 46. Kc2 Kb6 47. Kd2 Kxb5 48. Ke3 Kb4 49. Kf4 Kc3 50. Kxe4 Kc4 51. Ke3 Kc3 52. Ke4 Kc4 53. Ke3 Kc3 54. Ke4 Kc4 55. Ke3 Kc3 56. Ke4 1/2-1/2

[Event "44th Chess Olympiad Women 2022"]
[Site "Chennai"]
[Date "2022.08.08"]
[Round "10.55"]
[White "Cho, Hung-Ling"]
[Black "Cho, Yeonhee"]
[Result "1/2-1/2"]
[WhiteElo "1576"]
[BlackElo "1427"]
[Annotator "NA RC"]
[PlyCount "89"]
[EventDate "2022.??.??"]
[TimeControl "60"]

1. e4 e5 2. Nf3 Nc6 3. Bc4 Bc5 4. d3 Nf6 5. Nc3 d6 6. Na4 Bb6 7. a3 h6 8. c3 O-O 9. Nxb6 axb6 10. Qe2 Be6 11. Bxe6 fxe6 12. O-O Qe8 13. Re1 Nh5 14. g3 Qf7 15. Nh4 Rae8 16. Rf1 g5 17. Ng2 Qg6 18. Bd2 Re7 19. Rad1 Nf6 20. b4 Ref7 21. f3 Qh5 22. Rde1 Nh7 23. f4 Qxe2 24. Rxe2 exf4 25. gxf4 gxf4 26. Rxf4 Ne5 27. Rxf7 Nxf7 28. Nf4 Re8 29. Rg2+ Kh8 30. Ng6+ Kg7 31. Ne5+ Kf6 32. Nxf7 Kxf7 33. Bxh6 Rg8 34. Rxg8 Kxg8 35. Kf2 b5 36. Kf3 Kf7 37. d4 d5 38. exd5 exd5 39. h4 Kg6 40. Bf4 c6 41. Bg3 Nf6 42. Kf4 Nh5+ 43.
Kg4 Nf6+ 44. Kf4 Nh5+ 45. Kf3 1/2-1/2

[Event "44th Chess Olympiad Women 2022"]
[Site "Chennai"]
[Date "2022.08.08"]
[Round "10.55"]
[White "Park, Sunwoo"]
[Black "Tsai, Sophie Yi-Hsuan"]
[Result "1-0"]
[WhiteElo "1773"]
[BlackElo "1131"]
[Annotator "NA RC"]
[PlyCount "139"]
[EventDate "2022.??.??"]
[TimeControl "60"]

1. e4 c5 2. Nf3 g6 3. d4 cxd4 4. Nxd4 Bg7 5. c4 Nc6 6. Be3 Nf6 7. Nc3 Ng4 8. Qxg4 Nxd4 9. Qd1 Ne6 10. Be2 Qa5 11. Bd2 d6 12. O-O O-O 13. Nd5 Qd8 14. Rb1 Nd4 15. Bg5 Nxe2+ 16. Qxe2 f6 17. Bd2 b6 18. f4 e6 19. Qd3 Rb8 20. Nc3 a6 21. Rbd1 b5 22. cxb5 axb5 23.
b4 Qc7 24. Rc1 Qd8 25. Be3 d5 26. exd5 exd5 27. Qxd5+ Qxd5 28. Nxd5 Be6 29. Rc5 Bxd5 30. Rxd5 Rfe8 31. Bc5 Re2 32. Rfd1 Ree8 33. Rd7 Ra8 34. R1d2 f5 35. Rb7 Rab8 36. Rdd7 Rxb7 37. Rxb7 Re2 38. Rxb5 Rxa2 39. Rb8+ Kf7 40. Rb7+ Kg8 41. h3 Rc2 42. Kh2 h6 43. Rb6 Kf7 44. Rb7+ Kg8 45. Bd6 Bc3 46. Rc7 Bxb4 47. Rxc2 Bxd6 48. g3 Kf7 49. Kg2 g5 50. fxg5 hxg5 51. Kf3 Be7 52. Rc6 Bf6 53. Ra6 Bd4 54. g4 fxg4+ 55. hxg4 Be5 56. Ke4 Bf4 57. Kf5 Be3 58. Rf6+ Kg7 59. Re6 Bd2 60. Re7+ Kf8 61. Rd7 Bc1 62. Kf6 Ke8 63. Rf7 Bf4 64. Kg6 Bc1 65. Rf5 Ke7 66. Rxg5 Bxg5 67. Kxg5 Kf7 68. Kh6 Kg8 69. g5 Kh8 70. g6 1-0

[Event "44th Chess Olympiad Women 2022"]
[Site "Chennai"]
[Date "2022.08.08"]
[Round "10.55"]
[White "Shih, Ching-An"]
[Black "Kang, Sohyun"]
[Result "1/2-1/2"]
[WhiteElo "1582"]
[BlackElo "1593"]
[Annotator "NA RC"]
[PlyCount "73"]
[EventDate "2022.??.??"]
[TimeControl "60"]

1. d4 d5 2. Nf3 c6 3. e3 Nf6 4. c4 Bf5 5. Nc3 e6 6. Be2 Bd6 7. O-O Nbd7 8.
b3 O-O 9. Bb2 Qb8 10. h3 a6 11. c5 Bc7 12. Rc1 Rd8 13. Na4 Bg6 14. Nh4 Ne4 15. Nxg6 hxg6 16. Bd3 Ndf6 17. Nc3 e5 18. Nxe4 dxe4 19. Bc4 Nh5 20. Qg4 Kf8 21. Qxe4 Re8 22. Qf3 Nf6 23. dxe5 Bxe5 24. Bxe5 Rxe5 25. Bd3 Qd8 26. Rfd1 Qe7 27. b4 a5 28. a3 Rd5 29. Bc2 axb4 30. axb4 Ra3 31. Ra1 Rxd1+ 32. Qxd1 Rc3 33. Ra8+ Ne8 34. Qd2 Rc4 35. Bb3 Re4 36. Bc2 Re5 37. e4 1/2-1/2